 Dungeon Crawl Stone Soup version 0.29-a0-40-g8eb35efe60 (webtiles) character file.

Game seed: 5915204362562877131

49 cheechan the Charlatan (level 3, 0/48 HPs)
             Began as a Naga Artificer on Feb 1, 2022.
             Slain by an adder (4 damage)
             ... on level 2 of the Dungeon.
             The game lasted 00:06:18 (1054 turns).

cheechan the Charlatan (Naga Artificer)             Turns: 1054, Time: 00:06:19

Health: 0/48       AC:  2    Str: 16    XL:     3   Next: 77%
Magic:  3/3        EV:  9    Int: 11    God:
Gold:   24         SH:  0    Dex: 11    Spells: 2/2 levels left

rFire   . . .      SeeInvis +   g - +0 mace (holy)
rCold   . . .      Faith    .   (no shield)
rNeg    . . .      Spirit   .   b - +0 leather armour
rPois   +          Reflect  .   (no helmet)
rElec   .          Harm     .   (no cloak)
rCorr   .          Rampage  .   (no gloves)
Will    .....                   (no barding)
Stlth   ..........              (no amulet)
HPRegen 0.16/turn               (no ring)
MPRegen 0.08/turn               (no ring)

@: berserking, lethally poisoned (0 -> -6), quick
A: AC +1, large, see invisible, deformed body, poison resistance, slowness 2,
spit poison 1, naga tail 1
a: Spit Poison


You were on level 2 of the Dungeon.
You visited 1 branch of the dungeon, and saw 2 of its levels.

You collected 24 gold pieces.

Inventory:

Hand Weapons
 g - a +0 mace of holy wrath (weapon)
Armour
 b - a +0 leather armour (worn)
Wands
 c - a wand of flame (10) (quivered)
 d - a wand of charming (13)
Miscellaneous
 e - a piece from Xom's chessboard (15/15)


   Skills:
 + Level 1.8 Fighting
 + Level 1.1 Maces & Flails
 + Level 2.2 Armour
 + Level 0.8 Dodging
 + Level 1.5 Stealth
 + Level 3.4 Evocations


You had 2 spell levels left.
You didn't know any spells.
Your spell library was empty.

Dungeon Overview and Level Annotations

Branches:
Dungeon (2/15)

Altars:


Innate Abilities, Weirdness & Mutations

Your serpentine skin is tough. (AC +1)
You have supernaturally acute eyesight. (SInv)
Armour fits poorly on your strangely shaped body.
Your system is resistant to poisons. (rPois)
You cover ground very slowly.
You can spit poison.
You have a snake-like lower body.


Message History

Aiming: Throw Flame
Press: ? - help, Q - select action, (/) - cycle Shift-Dir - straight line, f/p - worm
Aim: a worm (moderately wounded, 90% to hit)
The puff of flame hits the worm!
The worm is almost dead.
Aiming: Throw Flame
Press: ? - help, Q - select action, (/) - cycle Shift-Dir - straight line, f/p - worm
Aim: a worm (almost dead, 90% to hit)
The puff of flame hits the worm!
You kill the worm!
Your Maces & Flails skill increases to level 1!
You see here an adder corpse.
You see here a +0 club.
There is a stone staircase leading down here.
You climb downwards.
There is a stone staircase leading up here.
Found 9 gold pieces.
An adder comes into view.
Found a whip.
The adder hisses angrily.
You barely miss the adder. The adder bites you.
* * * LOW HITPOINT WARNING * * *
You are lethally poisoned!
The adder poisons you!
Aiming: Throw Flame
Press: ? - help, Q - select action, (/) - cycle Shift-Dir - straight line, f - adder
Aim: an adder (53% to hit)
The puff of flame hits the adder.
The adder is moderately wounded.
* * * LOW HITPOINT WARNING * * *
You feel sick. The adder closely misses you. The adder bites you.
* * * LOW HITPOINT WARNING * * *
You are more poisoned.
The adder poisons you!
It was a potion of berserk rage.
A red film seems to cover your vision as you go berserk!
You feel yourself moving faster!
You feel mighty!
* * * LOW HITPOINT WARNING * * *
You feel sick. The adder bites you.
You die...

##...#
#...##
##...#
#...##
##...##
##...##
##...##
##...##
##..@#
#..S#
##...#
#...#
##$..#
#...#
#...#
...).


You could see an adder.

Vanquished Creatures
  An adder (D:1)
  A worm (D:1)
  2 dart slugs
  A bat (D:2)
  4 endoplasms (D:1)
  2 giant cockroaches (D:1)
  A goblin (D:1)
  3 hobgoblins (D:1)
  2 jackals (D:1)
  4 quokkas (D:1)
  4 ball pythons
  A frilled lizard (D:1)
  A kobold (D:1)
  4 rats (D:1)
31 creatures vanquished.

Notes
Turn   | Place    | Note
-------+----------+-------------------------------------------
     0 | D:1      | cheechan the Naga Artificer began the quest for the Orb.
     0 | D:1      | Reached XP level 1. HP: 18/18 MP: 1/1
   130 | D:1      | Reached XP level 2. HP: 18/25 MP: 2/2
   560 | D:1      | Reached XP level 3. HP: 9/31 MP: 3/3
  1019 | D:1      | Reached skill level 1 in Maces & Flails
  1054 | D:2      | Slain by an adder

Illustrated notes

Levels and vault maps discovered:
D:1:      heliophobic_arrival_glass_houses, layout_basic, st_stairs_11
D:2:      cheibrodos_old_hovel, layout_basic, serial_curves, eino_curves_01,
          eino_curves_01, minmay_misc_feat_hallway

Skill      XL: |  1  2  3 |
---------------+----------+-----
Armour         | 2 |  2.2
Maces & Flails | 1 |  1.1
Fighting       | |  1.8
Dodging        | |  0.8
Stealth        | |  1.5
Evocations     | |  3.4

Action                   || total
-------------------------++-------
Melee: Mace              ||    68
       Punch             ||     1
 Abil: Spit Poison       ||    16
Evoke: Wand              ||     7
  Use: Scroll            ||     1
       Potion            ||     1
Armor: Leather armour    ||    15
Dodge: Dodged            ||    46

Table legend: (Time is in decaauts)
 A = Elapsed time spent in this place.
 B = Non-inter-level travel time spent in this place.
 C = Inter-level travel time spent in this place.
 D = Time resting spent in this place.
 E = Time spent auto-exploring this place.
 F = Levels seen in this place.
 G = Mean time per level.
                   A        B        C        D        E       F      G
               +--------+--------+--------+--------+--------+-----+--------+
         Total |   1453 |   1453 |      0 |      0 |      0 |   2 |  726.5 |
       Dungeon |   1453 |   1453 |      0 |      0 |      0 |   2 |  726.5 |
               +--------+--------+--------+--------+--------+-----+--------+

Top non-repeatable levels by time:
     D:1: 1378 daAuts
     D:2: 74 daAuts
